 Dungeon Crawl Stone Soup version 0.31-a0-844-gdc52ec4e09 (webtiles) character file.

Game seed: 13011503594991846178

1888 lonewolfV2 the Cleaver (level 9, -4/68 HPs)
             Began as a Formicid Fighter on Sept 29, 2023.
             Was an Initiate of Gozag.
             Slain by a killer bee (7 damage)
             ... on level 7 of the Dungeon on Sept 30, 2023.
             The game lasted 00:08:55 (6326 turns).

lonewolfV2 the Cleaver (Formicid Fighter)           Turns: 6326, Time: 00:08:57

Health: -4/68      AC:  7    Str: 31    XL:     9   Next: 37%
Magic:  9/9        EV: 11    Int:  8    God:    Gozag
Gold:   341        SH: 10    Dex: 13    Spells: 8/8 levels left

rFire   + . .        a - +1 war axe
rCold   + . .        c - +0 buckler
rNeg    . . .        b - +0 scale mail
rPois   +            (helmet unavailable)
rElec   +            (no cloak)
rCorr   +            (no gloves)
SInv    +            (no boots)
Will    .....        d - amulet of reflection Stlth
                     e - ring of poison resistance
HPRegen 0.31/turn    t - +6 ring of strength
MPRegen 0.11/turn

%: reflection
@: lethally poisoned (-4 -> -17), resistant
A: permanent stasis, dig shafts and tunnels, antennae 3, four strong arms
a: Dig, Shaft Self, Renounce Religion, Potion Petition, Call Merchant, Bribe
Branch


You were on level 7 of the Dungeon.
You worshipped Gozag.
Gozag was aware of your devotion.
You visited 2 branches of the dungeon, and saw 8 of its levels.

You collected 442 gold pieces.
You paid 101 gold pieces to Gozag.

Inventory:

Hand Weapons
 a - a +1 war axe (weapon)
Armour
 b - a +0 scale mail (worn)
 c - a +0 buckler (worn)
Jewellery
 d - an amulet of reflection (around neck)
 e - a ring of poison resistance (left hand)
 t - a +6 ring of strength (right hand)
Scrolls
 g - a scroll of enchant weapon
 h - 3 scrolls of identify
 i - a scroll of amnesia
 j - a scroll of immolation {unknown}
 p - 2 scrolls of poison
 r - a scroll of fear
Potions
 k - a potion of cancellation
 l - a potion of haste
 n - 2 potions of degeneration


   Skills:
 + Level 5.6 Fighting
 + Level 8.0 Axes
 + Level 6.4 Armour
 + Level 3.1 Dodging
 + Level 1.8 Stealth
 + Level 6.4 Shields


You had 8 spell levels left.
You didn't know any spells.
Your spell library was empty.

Dungeon Overview and Level Annotations

Branches:
Dungeon (7/15)             Temple (1/1) D:5

Altars:
Ashenzari
Dithmenos
Fedhas
Gozag
Kikubaaqudgha
Makhleb
Nemelex Xobeh
Okawaru
Qazlal
Ru
Sif Muna
Trog
Uskayaw
Vehumet
Wu Jian
Xom
Yredelemnul
Zin
The Shining One

Shops:
D:1 (


Innate Abilities, Weirdness & Mutations

You cannot be hasted, slowed, berserked, paralysed or teleported.
You can dig through walls and to a lower floor.
You have a pair of large antennae on your head. (SInv)
Your four strong arms can wield two-handed weapons with a shield.


Message History

The killer bee misses you.
You completely miss the killer bee.
The killer bee is heavily wounded.
You closely miss the killer bee. The killer bee barely misses you.
You block the killer bee's attack. x2; The killer bee closely misses you.
You slash the killer bee!
You kill the killer bee!
You closely miss the killer bee. The killer bee barely misses you.
You block the killer bee's attack. The killer bee stings you.
* * * LOW HITPOINT WARNING * * *
Your Dodging skill increases to level 3!
Unknown command.
You miss the killer bee. x2; The killer bee stings you.
* * * LOW HITPOINT WARNING * * *
The killer bee closely misses you. The killer bee misses you.
You block the killer bee's attack. The killer bee stings you.
* * * LOW HITPOINT WARNING * * *
You are poisoned.
The killer bee poisons you!
The killer bee is distracted by your dazzling golden aura.
The killer bee buzzes angrily.
It was a potion of resistance.
You feel protected.
You feel sick. The killer bee closely misses you.
The killer bee stings you but does no damage.
You hit the killer bee.
The killer bee is no longer distracted by gold.
The killer bee is moderately wounded.
You closely miss the killer bee.
You feel sick.
The killer bee stings you but does no damage. x2
The killer bee closely misses you. You block the killer bee's attack.
You hit the killer bee.
The killer bee is moderately wounded.
You hit the killer bee.
You feel sick. The killer bee stings you.
* * * LOW HITPOINT WARNING * * *
You are more poisoned.
The killer bee poisons you! You block the killer bee's attack. x2
The killer bee stings you!
You die...
Your body crumbles into a pile of gold.

#.###.###...##
#............#
.###.######..#
..........#..####
.###......#.....##
##### .#
########.###..#
.....# .# #.# ##.#
.....# .. ..#
#$##...... .. ####
#@y#.....# ..
##y......# .
#........
#######........
...............
.......$.......
....y..........
...............
...............


You could see 2 killer bees.

Vanquished Creatures
  A kobold demonologist (D:5)
  A water moccasin (D:5)
  A sky beast (D:5)
  2 ice beasts (D:5)
  3 ogres
  2 phantoms
  A kobold brigand (D:5)
  4 scorpions
  3 killer bees (D:7)
  3 hounds
  3 jellies
  An iguana (D:5)
  An orc wizard (D:5)
  9 adders
  A white imp (D:7)
  An ufetubus (D:5)
  A worm (D:2)
  3 dart slugs
  12 orcs
  5 bats
  8 endoplasms
  5 giant cockroaches
  5 hobgoblins
  2 jackals (D:4)
  4 quokkas
  7 ball pythons
  6 frilled lizards
  11 goblins
  13 kobolds
  2 rats (D:3)
121 creatures vanquished.

Notes
Turn   | Place    | Note
-------+----------+-------------------------------------------
     0 | D:1      | lonewolfV2 the Formicid Fighter began the quest for the
                  | Orb.
     0 | D:1      | Reached XP level 1. HP: 18/18 MP: 1/1
    84 | D:1      | Reached XP level 2. HP: 20/24 MP: 2/2
   366 | D:1      | Found Toegaip's Antique Weapon Emporium.
   744 | D:2      | Reached XP level 3. HP: 27/30 MP: 3/3
  1298 | D:2      | Reached XP level 4. HP: 37/37 MP: 4/4
  1324 | D:2      | Reached skill level 3 in Axes
  1740 | D:3      | Noticed a scorpion
  1750 | D:3      | Killed a scorpion
  1751 | D:3      | Reached XP level 5. HP: 42/42 MP: 5/5
  2427 | D:4      | Reached XP level 6. HP: 45/48 MP: 6/6
  2614 | D:4      | Found a glowing silver altar of Zin.
  2792 | D:4      | Reached skill level 4 in Axes
  2932 | D:4      | Found a radiant altar of Vehumet.
  3068 | D:4      | Found a sparkling altar of Nemelex Xobeh.
  3340 | D:5      | Entered Level 5 of the Dungeon
  3436 | D:5      | Noticed a water moccasin
  3442 | D:5      | Killed a water moccasin
  3443 | D:5      | Reached skill level 1 in Dodging
  3462 | D:5      | Noticed an ice beast
  3464 | D:5      | Noticed an ogre
  3471 | D:5      | Killed an ogre
  3472 | D:5      | Reached skill level 5 in Axes
  3472 | D:5      | Reached XP level 7. HP: 55/55 MP: 7/7
  3480 | D:5      | Reached skill level 5 in Armour
  3480 | D:5      | Reached skill level 1 in Stealth
  3886 | D:5      | Found an ancient bone altar of Kikubaaqudgha.
  4011 | D:5      | Reached skill level 5 in Shields
  4011 | D:5      | Reached XP level 8. HP: 57/61 MP: 8/8
  4028 | D:5      | Reached skill level 6 in Axes
  4032 | D:5      | Reached skill level 5 in Fighting
  4354 | D:5      | Noticed a kobold demonologist
  4357 | D:5      | Noticed an orange demon
  4385 | D:5      | Killed a kobold demonologist
  4386 | D:5      | Reached skill level 7 in Axes
  4740 | D:5      | Found a staircase to the Ecumenical Temple.
  4756 | Temple   | Entered the Ecumenical Temple
  4779 | Temple   | Became a worshipper of Gozag Ym Sagoz the Greedy
  4945 | D:5      | Reached XP level 9. HP: 68/68 MP: 9/9
  5106 | D:5      | Found a stormy altar of Qazlal.
  5549 | D:6      | Found a shadowy altar of Dithmenos.
  5955 | D:7      | Reached skill level 8 in Axes
  6326 | D:7      | HP: 3/68 [killer bee (4)]
  6326 | D:7      | Slain by a killer bee

Illustrated notes

Levels and vault maps discovered:
D:1:      orjb1_clovarrival, layout_loops_ring, serial_shops, shop,
          minmay_crystal_room
D:2:      layout_loops_ring, hangedman_decor_growths, serial_bayou_pond_d
D:3:      layout_loops_cross, nicolae_kite_square_tiling_tiny, feat_on_display
D:4:      layout_basic, zin_scriptorium, kennysheep_mini_moat,
          lemuel_doored_altar
D:5:      layout_cave_pods, nicolae_overflow_crystal_walls,
          nicolae_qazlal_beasts_of_the_sky, minmay_temple_entry_sparse_star
D:6:      layout_basic, grunt_dithmenos_shadows
D:7:      layout_basic, mainiacjoe_overflow_alcove_4,
          mainiacjoe_overflow_small_starburst
Temple:   nicolae_temple_god_jail

Skill      XL: |  1  2  3  4  5  6  7  8  9 |
---------------+----------------------------+-----
Axes           | 3 5 7 8 |  8.0
Fighting       | 4 5 |  5.6
Armour         | 4 5 6 |  6.4
Dodging        | 1 2 3 |  3.1
Stealth        | 1 |  1.8
Shields        | 5 6 |  6.4

Action                     |  1- 3 |  4- 6 |  7- 9 || total
---------------------------+-------+-------+-------++-------
  Melee: War axe           |    80 |   132 |   154 ||   366
    Use: Scroll            |     3 |    11 |     1 ||    15
         Potion            |       |     2 |     4 ||     6
   Stab: Invisible         |       |     1 |       ||     1
 Armour: Scale mail        |    76 |   116 |    85 ||   277
         Skin              |       |       |    31 ||    31
  Dodge: Dodged            |    35 |    64 |    80 ||   179
  Block: Buckler           |    24 |    37 |   104 ||   165
         Reflection        |       |       |     1 ||     1

Table legend: (Time is in decaauts)
 A = Elapsed time spent in this place.
 B = Non-inter-level travel time spent in this place.
 C = Inter-level travel time spent in this place.
 D = Time resting spent in this place.
 E = Time spent auto-exploring this place.
 F = Levels seen in this place.
 G = Mean time per level.
                   A        B        C        D        E       F      G
               +--------+--------+--------+--------+--------+-----+--------+
         Total |   6447 |   6224 |    223 |   1238 |   3844 |   8 |  805.9 |
       Dungeon |   6407 |   6199 |    208 |   1238 |   3844 |   7 |  915.3 |
        Temple |     39 |     24 |     15 |      0 |      0 |   1 |   39.0 |
               +--------+--------+--------+--------+--------+-----+--------+

Top non-repeatable levels by time:
     D:5: 1988 daAuts
     D:4: 1016 daAuts
     D:3: 863 daAuts
     D:2: 787 daAuts
     D:1: 765 daAuts
     D:6: 563 daAuts
     D:7: 424 daAuts
  Temple: 39 daAuts
